 Dungeon Crawl Stone Soup version 0.19.0-9-gfd783f2 (webtiles) character file.

321 dobroeutro the Archer (level 6, -1/48 HPs)
             Began as a Centaur Hunter on Nov 7, 2016.
             Was an Initiate of Okawaru.
             Slain by Edmund
             ... wielding a +2 dire flail of protection
              (9 damage)
             ... on level 4 of the Dungeon.
             The game lasted 00:05:21 (4206 turns).

dobroeutro the Archer (Centaur Hunter)              Turns: 4206, Time: 00:05:23

Health: -1/48      AC:  4    Str: 15    XL:     6   Next: 22%
Magic:  6/6        EV:  9    Int: 10    God:    Okawaru [......]
Gold:   159        SH:  0    Dex: 14    Spells: 0 memorised, 5 levels left

rFire  . . .     SeeInvis .     a - +1 shortbow
rCold  . . .     Gourm    .     c - +0 leather armour
rNeg   . . .     Faith    .     (shield currently unavailable)
rPois  .         Spirit   .     (no helmet)
rElec  .         Reflect  .     (no cloak)
rCorr  .         Harm     .     (no gloves)
MR     .....                    (no barding)
Stlth  +.........               (no amulet)
                                o - ring of wizardry
                                q - +3 ring of dexterity

@: very quick
A: hooves 3, deformed body, speed 2, tough skin 3
a: Renounce Religion


You were on level 4 of the Dungeon.
You worshipped Okawaru.
Okawaru was noncommittal.
You were hungry.

You visited 1 branch of the dungeon, and saw 4 of its levels.

You collected 159 gold pieces.

Inventory:

Hand Weapons
 a - a +1 shortbow (weapon)
 b - a +0 short sword
Missiles
 d - 12 arrows (quivered)
 k - 5 tomahawks
Armour
 c - a +0 leather armour (worn)
Jewellery
 g - an uncursed ring of teleportation
 o - a ring of wizardry (right hand)
 q - a +3 ring of dexterity (left hand)
Scrolls
 e - a scroll of remove curse
 h - 2 scrolls of teleportation {unknown}
 j - a scroll of random uselessness {unknown}
 l - 2 scrolls of amnesia {unknown}
 p - a scroll of fear {unknown}
 s - a scroll of noise {unknown}
Potions
 i - a potion of curing {unknown}
 n - a potion of experience {unknown}
 r - a potion of mutation {unknown}
Comestibles
 f - 4 bread rations
 m - a royal jelly


   Skills:
 - Level 2.0 Fighting
 + Level 9.9 Bows
 - Level 1.3 Dodging
 - Level 0.4 Stealth


You had 5 spell levels left.
You didn't know any spells.

Dungeon Overview and Level Annotations

Branches:
Dungeon (4/15)
 Temple: D:4-7

Altars:
Okawaru
Ru

Annotations:
D:4 Edmund


Innate Abilities, Weirdness & Mutations

You have hooves in place of feet.
Armour fits poorly on your strangely shaped body.
You cover ground very quickly.
You have extremely tough skin. (AC +3)


Message History

Firing (i - inventory. (,) - cycle):
d - 16 arrows (quivered)
Press: ? - help, Shift-Dir - straight line, f/p - Edmund
Aim: Edmund, wielding a dire flail of protection and wearing a scale mail (almost dead)
You shoot an arrow. The arrow completely misses Edmund.
Firing (i - inventory. (,) - cycle):
d - 15 arrows (quivered)
Press: ? - help, Shift-Dir - straight line, f/p - Edmund
Aim: Edmund, wielding a dire flail of protection and wearing a scale mail (almost dead)
You shoot an arrow.
The arrow hits Edmund but does no damage.
Edmund is almost dead.
Firing (i - inventory. (,) - cycle):
d - 14 arrows (quivered)
Press: ? - help, Shift-Dir - straight line, f/p - Edmund
Aim: Edmund, wielding a dire flail of protection and wearing a scale mail (almost dead)
You shoot an arrow. The arrow closely misses Edmund.
Edmund barely misses you.
Firing (i - inventory. (,) - cycle):
d - 13 arrows (quivered)
Press: ? - help, Shift-Dir - straight line, f/p - Edmund
Aim: Edmund, wielding a dire flail of protection and wearing a scale mail (almost dead)
You shoot an arrow. The arrow closely misses Edmund.
Edmund hits you with a dire flail of protection!
You die...

# # #####
######....
#.........
#########.........
#.................
#@@..((.(.((.((.(.
#.............####
#.............#..)
###############..#
#........#
#........#
#........#
########## #


You could see Edmund.

Vanquished Creatures
  A big kobold (D:3)
  A jelly (D:3)
  An orc wizard (D:4)
  A bullfrog skeleton (D:3)
  Jessica (D:2)
  Terence (D:2)
  A gnoll (D:1)
  2 adders (D:3)
  An ooze (D:3)
  An adder skeleton (D:4)
  2 worms (D:2)
  A dart slug (D:2)
  A leopard gecko (D:2)
  2 orcs (D:4)
  A ball python (D:2)
  12 bats
  A giant cockroach (D:2)
  6 goblins
  8 hobgoblins
  5 jackals
  13 kobolds
  2 quokkas
  4 frilled lizards (D:2)
  4 rats
73 creatures vanquished.

Notes
Turn   | Place    | Note
-------+----------+-------------------------------------------
     0 | D:1      | dobroeutro the Centaur Hunter began the quest for the Orb.
     0 | D:1      | Reached XP level 1. HP: 17/17 MP: 1/1
   132 | D:1      | Reached XP level 2. HP: 4/24 MP: 2/2
   139 | D:1      | Reached skill level 6 in Bows
   656 | D:1      | Reached XP level 3. HP: 8/29 MP: 3/3
  1385 | D:2      | Noticed Jessica
  1431 | D:2      | Killed Jessica
  1431 | D:2      | Reached skill level 7 in Bows
  1431 | D:2      | Reached XP level 4. HP: 4/36 MP: 4/4
  1707 | D:2      | Noticed Terence
  1725 | D:2      | Killed Terence
  2120 | D:2      | Reached skill level 8 in Bows
  2396 | D:2      | Found an iron altar of Okawaru.
  2412 | D:2      | Became a worshipper of Warmaster Okawaru
  2417 | D:2      | Found a faded altar of an unknown god.
  2596 | D:3      | Reached XP level 5. HP: 11/41 MP: 5/5
  3045 | D:3      | Found a sacrificial altar of Ru.
  3164 | D:3      | Reached skill level 9 in Bows
  3531 | D:3      | Reached XP level 6. HP: 27/48 MP: 6/6
  4144 | D:4      | Noticed Edmund
  4206 | D:4      | Slain by Edmund

Skill      XL: |  1  2  3  4  5 |
---------------+----------------+-----
Bows           | 6 7 8 9 |  9.9
Fighting       | |  2.0
Dodging        | |  1.3
Stealth        | |  0.4

Action                   |  1- 3 |  4- 6 || total
-------------------------+-------+-------++-------
Melee: Short sword       |   113 |   187 ||   300
       Kick              |    15 |    37 ||    52
 Fire: Shortbow          |     4 |    43 ||    47
Throw: Tomahawk          |    31 |       ||    31
Evoke: Wand              |       |     2 ||     2
  Use: Scroll            |       |     1 ||     1
  Eat: Chunk             |       |     8 ||     8
Armor: Leather armour    |   118 |    45 ||   163
Dodge: Dodged            |   119 |    80 ||   199
